 Dungeon Crawl Stone Soup version 0.29-a0-982-gaed3a0c8d8 (webtiles) character file.

Game seed: 2704152164310660408

119 wilfster70 the Digger (level 5, -8/28 HPs)
             Began as a Gargoyle Earth Elementalist on Aug 1, 2022.
             Killed by divine providence
             ... invoked by an orc priest
              (15 damage)
             ... on level 3 of the Dungeon.
             The game lasted 00:07:24 (2632 turns).

wilfster70 the Digger (Gargoyle Earth Elementalist) Turns: 2632, Time: 00:07:25

Health: -8/28      AC:  9    Str: 11    XL:     5   Next: 3%
Magic:  7/9        EV: 12    Int: 18    God:
Gold:   126        SH:  0    Dex: 10    Spells: 9/10 levels left

rFire   . . .      SeeInvis .   b - +0 sling
rCold   . . .      Faith    .   (no shield)
rNeg    + . .      Spirit   .   e - +0 robe
rPois   ∞          Reflect  .   s - +2 hat
rElec   +          Harm     .   (no cloak)
rCorr   .          Rampage  .   (no gloves)
Will    .....                   p - +0 pair of boots
Stlth   ++........              (no amulet)
HPRegen 0.09/turn               (no ring)
MPRegen 0.11/turn               (no ring)

@: no status effects
A: sickness immunity, AC +4, negative energy resistance 1, electricity
resistance, torment resistance 1, petrification resistance
a: no special abilities


You were on level 3 of the Dungeon.
You visited 1 branch of the dungeon, and saw 3 of its levels.

You collected 126 gold pieces.

Inventory:

Hand Weapons
 a - a +0 dagger of venom
 b - a +0 sling (weapon)
Missiles
 h - 10 poisoned darts
Armour
 e - a +0 robe (worn)
 p - a +0 pair of boots (worn)
 s - a +2 hat (worn)
Magical Staves
 n - a staff of death
Jewellery
 k - a ring of willpower
Scrolls
 c - 2 scrolls of fear
 g - 3 scrolls of poison {unknown}
 q - a scroll of teleportation {unknown}
 r - 2 scrolls of identify
Potions
 d - a potion of cancellation
 f - a potion of magic
 i - a potion of lignification
 j - 3 potions of curing
 l - a potion of berserk rage
 m - a potion of degeneration {unknown}
 o - 2 potions of might
 t - a potion of invisibility {unknown}


   Skills:
 - Level 1.6 Dodging
 - Level 2.2 Stealth
 + Level 3.0 Spellcasting
 - Level 0.8 Transmutations
 * Level 5.8 Earth Magic


You had 9 spell levels left.
You knew the following spells:

 Your Spells              Type           Power      Damage    Failure   Level
a - Sandblast             Erth           46%        2d11      1%          1

Your spell library contained the following spells:

 Spells                   Type           Power      Damage    Failure   Level
 Passwall                 Tmut/Erth      11%        N/A       6%          2
 Stone Arrow              Conj/Erth      26%        3d8       14%         3
 Petrify                  Tmut/Erth      14%        N/A       38%         4


Dungeon Overview and Level Annotations

Branches:
Dungeon (3/15)

Altars:


Innate Abilities, Weirdness & Mutations

You are immune to sickness and miasma.
Your stone body is resilient. (AC +4)
You are immune to poison.
You resist negative energy. (rN+)
You are resistant to electric shocks. (rElec)
You are resistant to unholy torment.
You are immune to petrification.


Message History

The orc drinks a potion.
The orc seems to grow stronger.
The orc attacks as you move away! The orc completely misses you.
The orc priest calls upon Beogh to heal the orc.
The orc's wounds heal themselves!
The orc attacks as you move away! The orc hits you but does no damage.
You shoot a sling bullet. The sling bullet barely misses the orc.
The sling bullet hits the orc priest.
The orc priest is lightly wounded.
The orc hits you with a +0 club.
You shoot a sling bullet.
The sling bullet closely misses the orc.
The sling bullet hits the orc priest but does no damage.
The orc priest is lightly wounded.
The orc closely misses you.
You shoot a sling bullet. The sling bullet hits the orc.
The orc is heavily wounded.
The orc closely misses you. The orc hits you with a +0 club.
Casting: Sandblast (safe; 1% risk of failure)
Confirm with . or Enter, or press ? or * to list all spells.
Aiming: Sandblast (safe; 1% risk of failure)
Press: ? - help, Shift-Dir - straight line, f/p - orc
Aim: an orc, wielding a +0 club and wearing a +0 robe (heavily wounded, strong, 83% to hit)
The blast of sand hits the orc!
You kill the orc!
The orc priest calls down the wrath of Beogh upon you.
Beogh smites you!
Ouch! That really hurt!
* * * LOW HITPOINT WARNING * * *
The orc hits you but does no damage.
Casting: Sandblast (safe; 1% risk of failure)
Confirm with . or Enter, or press ? or * to list all spells.
Aiming: Sandblast (safe; 1% risk of failure)
Press: ? - help, Shift-Dir - straight line, f - orc
Aim: an orc, wielding a +0 dagger, wearing a +0 leather armour and quivering boomerangs (83% to hit)
The blast of sand hits the orc!
You kill the orc!
The orc priest invokes the aid of Beogh against you.
Beogh smites you!
Ouch! That really hurt!
You die...

#....#......#
#....#......#.#
#...........#.# .
............#.# .#
)..#........#.# ..#
...###......#.# ..##
...# #........# ...'.
...#
##.......#######....#
...#
#.......'.@)o......#
...#
#.......############
...# #####...# ...#
#...# #### #...#
#...# #####


You could see an orc priest.

Vanquished Creatures
  3 gnolls (D:3)
  3 adders (D:2)
  A worm (D:2)
  2 dart slugs
  3 orcs
  3 bats
  5 endoplasms
  5 giant cockroaches
  5 hobgoblins
  2 kobolds
  2 quokkas (D:1)
  4 ball pythons
  5 frilled lizards
  6 goblins
  5 rats
54 creatures vanquished.

Notes
Turn   | Place    | Note
-------+----------+-------------------------------------------
     0 | D:1      | wilfster70 the Gargoyle Earth Elementalist began the quest
                  | for the Orb.
     0 | D:1      | Reached XP level 1. HP: 10/10 MP: 3/3
    89 | D:1      | Reached XP level 2. HP: 13/15 MP: 1/5
   139 | D:1      | Reached skill level 4 in Earth Magic
   755 | D:1      | Reached XP level 3. HP: 18/19 MP: 6/6
  1080 | D:2      | Reached skill level 5 in Earth Magic
  1083 | D:2      | Reached XP level 4. HP: 20/24 MP: 1/8
  1552 | D:2      | You fall into a shaft and drop 1 floor!
  2104 | D:2      | Found a faded altar of an unknown god.
  2406 | D:3      | Reached XP level 5. HP: 23/28 MP: 6/9
  2632 | D:3      | Killed from afar by an orc priest

Illustrated notes

Levels and vault maps discovered:
D:1:      dpeg_arrival_arbitrary_b, layout_basic
D:2:      layout_basic, dreamdust_ecumenical_altar_grove, minmay_tall_x
D:3:      layout_basic, lemuel_tele_altar

Skill      XL: |  1  2  3  4 |
---------------+-------------+-----
Earth Magic    | 4 5 |  5.8
Spellcasting   | 3 |  3.0
Dodging        | |  1.6
Stealth        | |  2.2
Transmutations | |  0.8

Action                   |  1- 3 |  4- 6 || total
-------------------------+-------+-------++-------
Melee: Dagger            |     1 |       ||     1
 Fire: Sling             |    58 |    46 ||   104
 Cast: Sandblast         |    24 |    16 ||    40
  Use: Scroll            |     6 |     1 ||     7
 Stab: Sleeping          |     1 |       ||     1
Armor: Robe              |    21 |     7 ||    28
Dodge: Dodged            |    33 |    17 ||    50

Table legend: (Time is in decaauts)
 A = Elapsed time spent in this place.
 B = Non-inter-level travel time spent in this place.
 C = Inter-level travel time spent in this place.
 D = Time resting spent in this place.
 E = Time spent auto-exploring this place.
 F = Levels seen in this place.
 G = Mean time per level.
                   A        B        C        D        E       F      G
               +--------+--------+--------+--------+--------+-----+--------+
         Total |   2711 |   2678 |     33 |    598 |   1208 |   3 |  903.7 |
       Dungeon |   2711 |   2678 |     33 |    598 |   1208 |   3 |  903.7 |
               +--------+--------+--------+--------+--------+-----+--------+

Top non-repeatable levels by time:
     D:2: 1149 daAuts
     D:1: 997 daAuts
     D:3: 563 daAuts
